PAAA
VERMONT LAKE MONSTERS @ PLYMOUTH ROCKS
07/16/2027
 
TOP OF THE 1ST
Vermont Lake Monsters batting - Pitching for Plymouth Rocks : RHP Manny Amici
Pitching: RHP Manny Amici
Batting: RHB Augusto Encarnación 0-0: Called Strike
0-1: Swinging Strike
0-2: Ground out 5-3 (Groundball, 5L)
Batting: SHB Juan Carlos Santos 0-0: Ball
1-0: Ground out 4-3 (Groundball, 4)
Batting: RHB Adrian Smith 0-0: Called Strike
0-1: Swinging Strike
0-2: Ball
1-2: Ball
2-2: Ball
3-2: Base on Balls
Batting: RHB Fred Meyer 0-0: Called Strike
0-1: Called Strike
0-2: Foul Ball, location: 2F
0-2: Ball
1-2: SINGLE (Groundball, 4MD)
Adrian Smith to second
Runner from 2nd tries for 3rd, SAFE, throw made to third
Batting: RHB Luis Rodríguez 0-0: Ball
1-0: Called Strike
Balk!
Adrian Smith scores
Fred Meyer to second
1-1: Swinging Strike
1-2: Ball
2-2: Foul Ball, location: 2F
2-2: Strikes out looking
Top of the 1st over - 1 run(s), 1 hit(s), 0 error(s), 1 left on base; Vermont 1 - Plymouth 0
BOTTOM OF THE 1ST
Plymouth Rocks batting - Pitching for Vermont Lake Monsters : RHP Bayram Tanaoglu
Pitching: RHP Bayram Tanaoglu
Batting: RHB John Townsend 0-0: Called Strike
0-1: Ball
1-1: Ball
2-1: Ball
3-1: Foul Ball, location: 2F
3-2: Strikes out swinging
Batting: RHB Augusto Rocha 0-0: Called Strike
0-1: SINGLE (Flyball, 78S)
Batting: SHB Roku Hara 0-0: Grounds into double play, 4-6-3 (Groundball, 4)
Bottom of the 1st over - 0 run(s), 1 hit(s), 0 error(s), 0 left on base; Vermont 1 - Plymouth 0
TOP OF THE 2ND
Vermont Lake Monsters batting - Pitching for Plymouth Rocks : RHP Manny Amici
Batting: RHB Albert Díaz 0-0: Ball
1-0: Foul Ball, location: 2F
1-1: Foul Ball, location: 2F
1-2: Foul Ball, location: 2F
1-2: Strikes out swinging
Batting: RHB Bronson Nicholls 0-0: Ball
1-0: Ball
2-0: Fly out, F8 (Flyball, 78D)
Batting: RHB Xing-li Wang 0-0: Called Strike
0-1: Ball
1-1: Ball
2-1: Ball
3-1: Foul Ball, location: 2F
3-2: Foul Ball, location: 2F
3-2: Base on Balls
Batting: RHB Rodrigo Velasco 0-0: Ball
1-0: Called Strike
1-1: Ball
2-1: Ground out 4-3 (Groundball, 34)
Top of the 2nd over - 0 run(s), 0 hit(s), 0 error(s), 1 left on base; Vermont 1 - Plymouth 0
BOTTOM OF THE 2ND
Plymouth Rocks batting - Pitching for Vermont Lake Monsters : RHP Bayram Tanaoglu
Batting: LHB Kent Roberts 0-0: Called Strike
0-1: Called Strike
0-2: Foul Ball, location: 2F
0-2: Foul Ball, location: 2F
0-2: Strikes out swinging
Batting: LHB Jorge Borbón 0-0: Called Strike
0-1: Ball
1-1: Ball
2-1: Called Strike
2-2: Ball
3-2: Base on Balls
Batting: RHB Andrew Weeks 0-0: Ball
1-0: Ball
2-0: Foul Ball, location: 2F
2-1: Ball
3-1: Called Strike
3-2: Foul Ball, location: 2F
3-2: Base on Balls
Jorge Borbón to second
Batting: LHB Carlos Garza 0-0: Called Strike
0-1: Ball
1-1: Fielders Choice at 2nd, 6-4 (Groundball, 6)
Jorge Borbón to third
Batting: RHB Arturo Maldonado 0-0: Ball
1-0: SINGLE (Line Drive, 6M)
Jorge Borbón scores
Carlos Garza to second
Runner from 2nd tries for 3rd, SAFE, no throw
Batting: RHB Jack Weber 0-0: Called Strike
0-1: Ball
1-1: Ball
2-1: Foul Ball, location: 2F
2-2: Fielders Choice at 2nd, 5-4 (Groundball, 56)
Bottom of the 2nd over - 1 run(s), 1 hit(s), 0 error(s), 1 left on base; Vermont 1 - Plymouth 1
TOP OF THE 3RD
Vermont Lake Monsters batting - Pitching for Plymouth Rocks : RHP Manny Amici
Batting: RHB Augusto Encarnación 0-0: Ball
1-0: Foul Ball, location: 2F
1-1: Foul Ball, location: 2F
1-2: Ball
2-2: Strikes out swinging
Batting: SHB Juan Carlos Santos 0-0: SINGLE (Groundball, 4D)
Batting: RHB Adrian Smith 0-0: Foul Ball, location: 2F
0-1: Called Strike
0-2: Ball
1-2: Grounds into double play, 4-6-3 (Groundball, 4)
Top of the 3rd over - 0 run(s), 1 hit(s), 0 error(s), 0 left on base; Vermont 1 - Plymouth 1
BOTTOM OF THE 3RD
Plymouth Rocks batting - Pitching for Vermont Lake Monsters : RHP Bayram Tanaoglu
Batting: RHB John Townsend 0-0: Ball
1-0: Ball
2-0: Ball
3-0: Base on Balls
Batting: RHB Augusto Rocha 0-0: Ball
1-0: Ball
2-0: Called Strike
2-1: Ball
Wild Pitch!
John Townsend to second
3-1: Ground out 5-3 (Groundball, 56)
Batting: SHB Roku Hara 0-0: Fly out, F9 (Flyball, 89M)
Batting: LHB Kent Roberts 0-0: Ball
1-0: Foul Ball, location: 2F
1-1: Ball
2-1: Ball
3-1: Base on Balls
Batting: LHB Jorge Borbón 0-0: Called Strike
0-1: Ball
1-1: Ball
2-1: Called Strike
2-2: Ball
3-2: Base on Balls
John Townsend to third
Kent Roberts to second
Batting: RHB Andrew Weeks 0-0: Foul Ball, location: 2F
0-1: Called Strike
0-2: Foul Ball, location: 2F
0-2: Ball
1-2: Foul Ball, location: 2F
1-2: Ball
2-2: Fielders Choice at 2nd, 4-6 (Groundball, 4)
Bottom of the 3rd over - 0 run(s), 0 hit(s), 0 error(s), 2 left on base; Vermont 1 - Plymouth 1
TOP OF THE 4TH
Vermont Lake Monsters batting - Pitching for Plymouth Rocks : RHP Manny Amici
Batting: RHB Fred Meyer 0-0: Called Strike
0-1: Called Strike
0-2: Ball
1-2: Ball
2-2: Ground out 3-1 (Groundball, 34S)
Batting: RHB Luis Rodríguez 0-0: Ball
1-0: Foul Ball, location: 2F
1-1: Foul Ball, location: 2F
1-2: Ball
2-2: Ball
3-2: SINGLE (Popup, 6MD)
Batting: RHB Albert Díaz 0-0: Called Strike
0-1: Ball
1-1: Swinging Strike
1-2: Ball
2-2: Strikes out swinging
Batting: RHB Bronson Nicholls 0-0: Ball
1-0: Ball
2-0: Called Strike
2-1: Ball
3-1: Base on Balls
Luis Rodríguez to second
Batting: RHB Xing-li Wang 0-0: Swinging Strike
0-1: Fielders Choice at 2nd, 6-4 (Groundball, 6)
Top of the 4th over - 0 run(s), 1 hit(s), 0 error(s), 1 left on base; Vermont 1 - Plymouth 1
BOTTOM OF THE 4TH
Plymouth Rocks batting - Pitching for Vermont Lake Monsters : RHP Bayram Tanaoglu
Batting: LHB Carlos Garza 0-0: Foul Ball, location: 2F
0-1: Foul Ball, location: 2F
0-2: Foul Ball, location: 2F
0-2: Ball
1-2: Ground out 3-1 (Groundball, 34)
Batting: RHB Arturo Maldonado 0-0: Called Strike
0-1: Ball
1-1: Ball
2-1: Foul Ball, location: 2F
2-2: Foul Ball, location: 2F
2-2: Ball
3-2: Base on Balls
Batting: RHB Jack Weber 0-0: Called Strike
Arturo Maldonado is caught stealing 2nd base
0-1: SINGLE (Line Drive, 9LS)
Batting: RHB John Townsend 0-0: Ground out 1-3 (Groundball, 13S)
Bottom of the 4th over - 0 run(s), 1 hit(s), 0 error(s), 1 left on base; Vermont 1 - Plymouth 1
TOP OF THE 5TH
Vermont Lake Monsters batting - Pitching for Plymouth Rocks : RHP Manny Amici
Batting: RHB Rodrigo Velasco 0-0: Ball
1-0: Called Strike
1-1: Foul Ball, location: 2F
1-2: SINGLE (Line Drive, 78S)
Batting: RHB Augusto Encarnación 0-0: Bunted foul
0-1: Bunt missed!
0-2: Ball
1-2: Foul Ball, location: 2F
1-2: Ball
2-2: Fly out, F8 (Flyball, 8RM)
Batting: SHB Juan Carlos Santos 0-0: Called Strike
0-1: Called Strike
0-2: Ball
1-2: Strikes out swinging
Batting: RHB Adrian Smith 0-0: Ball
1-0: Called Strike
1-1: Ball
2-1: Foul Ball, location: 2F
2-2: Strikes out swinging
Top of the 5th over - 0 run(s), 1 hit(s), 0 error(s), 1 left on base; Vermont 1 - Plymouth 1
BOTTOM OF THE 5TH
Plymouth Rocks batting - Pitching for Vermont Lake Monsters : RHP Bayram Tanaoglu
Batting: RHB Augusto Rocha 0-0: Ground out 6-3 (Groundball, 6M)
Batting: SHB Roku Hara 0-0: Ball
1-0: Foul Ball, location: 2F
1-1: Called Strike
1-2: Strikes out swinging
Batting: LHB Kent Roberts 0-0: Ball
1-0: Ball
2-0: DOUBLE (Flyball, 89XD)
Batting: LHB Jorge Borbón 0-0: Ball
1-0: Ball
2-0: Called Strike
2-1: Ball
3-1: Base on Balls
Batting: RHB Andrew Weeks 0-0: Ball
1-0: Ball
2-0: Ball
3-0: Base on Balls
Kent Roberts to third
Jorge Borbón to second
Batting: LHB Carlos Garza 0-0: SINGLE (Groundball, 34) (infield hit)
Kent Roberts scores
Jorge Borbón to third
Andrew Weeks to second
Batting: RHB Arturo Maldonado 0-0: Ball
1-0: Ground out 1-3 (Groundball, P)
Bottom of the 5th over - 1 run(s), 2 hit(s), 0 error(s), 3 left on base; Vermont 1 - Plymouth 2
TOP OF THE 6TH
Vermont Lake Monsters batting - Pitching for Plymouth Rocks : RHP Manny Amici
Batting: RHB Fred Meyer 0-0: Ball
1-0: Ball
2-0: Ball
3-0: Base on Balls
Batting: RHB Luis Rodríguez 0-0: Ball
1-0: Called Strike
1-1: Called Strike
1-2: Foul Ball, location: 2F
1-2: Ball
2-2: Ball
3-2: Grounds into double play, 6-4-3 (Groundball, 6)
Batting: RHB Albert Díaz 0-0: Ball
1-0: Ball
2-0: Ball
3-0: Called Strike
3-1: Foul Ball, location: 2F
3-2: Strikes out swinging
Top of the 6th over - 0 run(s), 0 hit(s), 0 error(s), 0 left on base; Vermont 1 - Plymouth 2
BOTTOM OF THE 6TH
Plymouth Rocks batting - Pitching for Vermont Lake Monsters : RHP Bayram Tanaoglu
Batting: RHB Jack Weber 0-0: Fly out, F8 (Line Drive, 8RD)
Batting: RHB John Townsend 0-0: Ball
1-0: Called Strike
1-1: Called Strike
1-2: Ball
2-2: Foul Ball, location: 2F
2-2: Foul Ball, location: 2F
2-2: Foul Ball, location: 2F
2-2: Ground out 5-3 (Groundball, 56S)
Batting: RHB Augusto Rocha 0-0: Ball
1-0: Called Strike
1-1: Ball
2-1: Ball
3-1: Foul Ball, location: 2F
3-2: Base on Balls
Pitching: RHP Ted Thompson
Batting: SHB Roku Hara 0-0: Called Strike
0-1: Ball
1-1: Foul Ball, location: 2F
1-2: Ball
2-2: Ball
3-2: Ground out 1-3 (Groundball, P)
Bottom of the 6th over - 0 run(s), 0 hit(s), 0 error(s), 1 left on base; Vermont 1 - Plymouth 2
TOP OF THE 7TH
Vermont Lake Monsters batting - Pitching for Plymouth Rocks : RHP Manny Amici
Batting: RHB Bronson Nicholls 0-0: Ground out 1-3 (Groundball, 15S)
Batting: RHB Xing-li Wang 0-0: Fly out, F6 (Popup, 6MD)
Batting: RHB Rodrigo Velasco 0-0: Ball
1-0: Called Strike
1-1: Ground out 6-3 (Groundball, 6)
Top of the 7th over - 0 run(s), 0 hit(s), 0 error(s), 0 left on base; Vermont 1 - Plymouth 2
BOTTOM OF THE 7TH
Plymouth Rocks batting - Pitching for Vermont Lake Monsters : RHP Ted Thompson
Batting: LHB Kent Roberts 0-0: Ball
1-0: Ball
2-0: Ball
3-0: Called Strike
3-1: Fly out, F7 (Flyball, 7S)
Batting: LHB Jorge Borbón 0-0: Foul Ball, location: 2F
0-1: Ground out 4-3 (Groundball, 4)
Batting: RHB Andrew Weeks 0-0: Ball
1-0: Swinging Strike
1-1: Foul Ball, location: 2F
1-2: Ball
2-2: Ball
3-2: Foul Ball, location: 2F
Error on foul ball, E5
3-2: Strikes out swinging
Bottom of the 7th over - 0 run(s), 0 hit(s), 1 error(s), 0 left on base; Vermont 1 - Plymouth 2
TOP OF THE 8TH
Vermont Lake Monsters batting - Pitching for Plymouth Rocks : RHP Manny Amici
Pitching: RHP Jim Meyer
Batting: RHB Augusto Encarnación 0-0: Swinging Strike
0-1: Swinging Strike
0-2: Strikes out swinging
Pitching: LHP Roberto Aguirre
Batting: SHB Juan Carlos Santos 0-0: Ball
1-0: SINGLE (Groundball, 6S) (infield hit)
Pitching: RHP Elvin Glass
Pinch Runner at 1st Rafael Pueblo:
Batting: RHB Adrian Smith 0-0: Ball
1-0: Ball
2-0: SINGLE (Line Drive, 89M)
Rafael Pueblo to second
Batting: RHB Fred Meyer 0-0: Foul Ball, location: 2F
0-1: SINGLE (Line Drive, 9S)
Rafael Pueblo to third
Adrian Smith to second
Pinch Hitting: LHB Brad Tillman 0-0: Called Strike
0-1: Ball
1-1: Foul Ball, location: 2F
1-2: Ball
2-2: Fly out, F8 (Flyball, 8RS)
Runner from 3rd tags up, OUT at HOME
Top of the 8th over - 0 run(s), 3 hit(s), 0 error(s), 2 left on base; Vermont 1 - Plymouth 2
BOTTOM OF THE 8TH
Plymouth Rocks batting - Pitching for Vermont Lake Monsters : RHP Ted Thompson
Now in LF: Brad Tillman
Now in CF: Rafael Pueblo
Batting: LHB Carlos Garza 0-0: Foul Ball, location: 2F
0-1: Foul Ball, location: 2F
0-2: Fly out, F8 (Flyball, 89D)
Batting: RHB Arturo Maldonado 0-0: Ball
1-0: Ball
2-0: Ground out 6-3 (Groundball, 6)
Batting: RHB Jack Weber 0-0: Called Strike
0-1: Ball
1-1: Ball
2-1: Ball
3-1: Foul Ball, location: 2F
3-2: Foul Ball, location: 2F
3-2: Base on Balls
Batting: RHB John Townsend 0-0: Called Strike
0-1: Swinging Strike
0-2: Foul Ball, location: 2F
0-2: Ball
1-2: Fly out, F6 (Line Drive, 6)
Bottom of the 8th over - 0 run(s), 0 hit(s), 0 error(s), 1 left on base; Vermont 1 - Plymouth 2
TOP OF THE 9TH
Vermont Lake Monsters batting - Pitching for Plymouth Rocks : RHP Elvin Glass
Pitching: RHP Brian Fixel
Pinch Hitting: LHB Gustavo Vázquez 0-0: Fly out, F7 (Flyball, 78S)
Batting: RHB Bronson Nicholls 0-0: Called Strike
0-1: Ball
1-1: Foul Ball, location: 2F
1-2: Ball
2-2: Strikes out swinging
Pinch Hitting: RHB Henry Womack 0-0: Ball
1-0: Foul Ball, location: 2F
1-1: Swinging Strike
1-2: DOUBLE (Line Drive, 7D)
Batting: RHB Rodrigo Velasco 0-0: Foul Ball, location: 2F
0-1: Ball
1-1: Ball
2-1: Ball
3-1: Swinging Strike
3-2: Strikes out looking
Top of the 9th over - 0 run(s), 1 hit(s), 0 error(s), 1 left on base; Vermont 1 - Plymouth 2
Saturday, May 26th, 2018 - OOTP Baseball 17.12 Build 75